 Dungeon Sprint DCSS version 0.19.1 (webtiles) character file.

6907 Groucho the Unseen (level 10, -9/53 HPs)
             Began as a Spriggan Assassin on Nov 23, 2016.
             Was an Initiate of Gozag.
             Killed from afar by a deep elf knight (22 damage)
             ... with a shard of ice
             ... in the Dungeon (Sprint III: "The Ten Rune Challenge").
             The game lasted 00:17:12 (4801 turns).

Groucho the Unseen (Spriggan Assassin)              Turns: 4801, Time: 00:17:12

Health: -9/53      AC:  5    Str:  7    XL:     10   Next: 79%
Magic:  8/26       EV: 27    Int: 16    God:    Gozag
Gold:   3153       SH:  5    Dex: 18    Spells: 2 memorised, 22 levels left

rFire  . . .     SeeInvis +     a - +2 dagger
rCold  . . .     Gourm    .     c - +0 robe
rNeg   . . .     Faith    .     (shield restricted)
rPois  +         Spirit   .     (helmet restricted)
rElec  .         Reflect  +     d - +0 cloak
rCorr  .         Harm     .     (gloves unavailable)
MR     +....     NoTele   +     (boots unavailable)
Stlth  +++++++...               n - +5 amulet of reflection
                                h - ring of flight
                                f - ring of poison resistance

@: gold aura, very quick
A: unfitting armour, slimy green scales 1, see invisible, herbivore 3, speed 3,
slow metabolism 2, evolution 1
a: Potion Petition, Call Merchant, Bribe Branch, Renounce Religion, Evoke Flight


You were in the Dungeon.
You worshipped Gozag.
Gozag was most pleased with you.
You were not hungry.

You visited 1 branch You collected 4228 gold pieces.
You spent 1075 gold pieces at shops.

Inventory:

Hand Weapons
 a - a +2 dagger (weapon)
 b - a +0 blowgun
 x - a +0 rapier
Missiles
 e - 6 poisoned needles
 v - 7 curare-tipped needles
Armour
 c - a +0 robe (worn)
 d - a +0 cloak (worn)
Jewellery
 f - a ring of poison resistance (left hand)
 h - a ring of flight (right hand)
 i - an uncursed ring of resist corrosion
 l - an uncursed ring of protection from fire
 n - a +5 amulet of reflection (around neck)
Wands
 w - a wand of lightning (10/15)
Scrolls
 m - a scroll of blinking
 o - a scroll of torment {unknown}
 p - 3 scrolls of identify {unknown}
 q - 2 scrolls of remove curse
 t - a scroll of immolation {unknown}
Potions
 k - a potion of magic
 r - a potion of brilliance {unknown}
 s - 3 potions of flight
 u - 2 potions of cure mutation
Books
 j - a book of Enchantments

   Spells                             Type                      Level
   a - Cause Fear                     Hexes                        4
   b - Yara's Violent Unravelling     Hexes/Transmutation          5
   c - Silence                        Hexes/Air                    5
   d - Deflect Missiles               Charms/Air                   6
   e - Discord                        Hexes                        8
Comestibles
 g - a bread ration


   Skills:
 + Level 6.7 Fighting
 + Level 9.5 Short Blades
 + Level 9.7 Throwing
 + Level 11.1 Dodging
 * Level 19.6 Stealth
 * Level 11.8 Spellcasting
 + Level 12.2 Hexes
 + Level 7.0 Evocations


You had 22 spell levels left.
You knew the following spells:

 Your Spells              Type           Power        Failure   Level  Hunger
a - Cause Fear            Hex            #####.....   1%          4    ##.....
b - Deflect Missiles      Chrm/Air       #.........   100%        6    ######.


Dungeon Overview and Level Annotations

Branches:
Dungeon (1/1)

Altars:
Cheibriados
Dithmenos
Elyvilon
Fedhas
Gozag
Hepliaklqana
Kikubaaqudgha
Makhleb
Nemelex Xobeh
Okawaru
Qazlal
Ru
Sif Muna
Trog
Uskayaw
Vehumet
Xom
Yredelemnul
Zin
The Shining One
Beogh
Jiyva
Lugonu

Shops:
D =


Innate Abilities, Weirdness & Mutations

You are very small and have problems with some larger weapons.
You are too small for most types of armour.
You have supernaturally acute eyesight. (SInv)
You are a herbivore.
You cover ground extremely quickly.
You need consume almost no food.
You are partially covered in slimy green scales. (AC +2)
You evolve.


Message History

The deep elf mage blinks!
The deep elf mage mumbles some strange words.
The deep elf mage blinks!
The deep elf knight shouts!
You catch the helpless deep elf mage completely off-guard!
You skewer the deep elf mage like a kebab!!!
You kill the deep elf mage!
Your Dodging skill increases to level 11!
Your Evocations skill increases to level 7!
Unknown command.
Unknown command.
There is an open door, spattered with blood here.
Things that are here:
36 gold pieces; a rapier
x - a rapier You now have 3153 gold pieces (gained 36).
The deep elf knight gestures at you while chanting.
The shard of ice hits you!
You die...
Your body crumbles into a pile of gold.

###.##.#..#..#######
__##.#.∩..#..+.#...# $
._#..........#.#.ee# $
'##.....e..#.# #e..≈
..#........### .ee# $
..#.#..#..##$ ..# $$
#+#....#### ##
..#+#####################
..#§§§§§§.#.'e).@.#.#.#.+
..#§#§§§#.#.#..)##.#.#.##
..'.#§§§#.#.#...#.#.#.#.#
..#.#.§§#...#).)##.#.#.##
▓▓▓▓▓▓▓▓▓▓▓▓▓▓▓▓#.#.#.#.#
.f.f...f≈≈≈...##.#.#.##
≈≈≈≈≈≈≈≈≈≈♣♣P.+.#.#.#§#
♣♣♣♣♣♣♣♣♣♣♣♣PP##.#.#.##
♣♣♣##'#####


You could see a deep elf knight.

Vanquished Creatures
  Harold (D)
  Erica (D)
  A centaur warrior (D)
  An orc high priest (D)
  An unseen horror (D)
  Joseph (D)
  3 deep elf magi (D)
  A shadow (D)
  3 orc warriors (D)
  A necrophage (D)
  2 centaurs (D)
  An earth elemental (D)
  A water elemental (D)
  A scorpion (D)
  A jelly (D)
  4 orc priests (D)
  A wizard (D)
  Jessica (D)
  A necromancer (D)
  An orc wizard (D)
  3 humans (D)
  A kobold demonologist (D)
  9 orcs (D)
  3 rats (D)
44 creatures vanquished.

Vanquished Creatures (others)
  2 draconian scorchers (D)
  Nessos (D)
  6 hellions (D)
  3 yaktaurs (D)
  An electric eel (D)
13 creatures vanquished.

Grand Total: 57 creatures vanquished

Notes
Turn   | Place    | Note
-------+----------+-------------------------------------------
     0 | D        | Groucho the Spriggan Assassin began the quest for the Orb.
     0 | D        | Reached XP level 1. HP: 10/10 MP: 2/2
     4 | D        | Reached skill level 6 in Stealth
     8 | D        | Reached skill level 1 in Spellcasting
   125 | D        | Killed a hellion
   125 | D        | Killed a hellion
   126 | D        | Killed a hellion
   127 | D        | Killed a hellion
   152 | D        | Killed a hellion
   174 | D        | Killed a yaktaur
   183 | D        | Noticed Jessica
   185 | D        | Killed Jessica
   185 | D        | Reached skill level 8 in Stealth
   185 | D        | Reached XP level 2. HP: 14/14 MP: 4/7
   204 | D        | Killed a white draconian scorcher
   216 | D        | Killed a white draconian scorcher
   235 | D        | Killed a hellion
   344 | D        | Reached skill level 9 in Stealth
   344 | D        | Reached XP level 3. HP: 11/18 MP: 9/9
   376 | D        | Noticed a scorpion
   381 | D        | Killed a scorpion
   381 | D        | Reached skill level 11 in Stealth
   381 | D        | Reached skill level 5 in Spellcasting
   381 | D        | Reached XP level 4. HP: 16/22 MP: 10/12
   411 | D        | Gained mutation: You are clumsy. (Dex -2) [potion of mutation]
   411 | D        | Gained mutation: You have a pair of small horns on your head. [potion of mutation]
   411 | D        | Gained mutation: You possess an exceptional clarity of mind. [potion of mutation]
   412 | D        | Lost mutation: You possess an exceptional clarity of mind. [potion of cure mutation]
   412 | D        | Lost mutation: You are clumsy. (Dex -2) [potion of cure mutation]
   412 | D        | Lost mutation: You have a pair of small horns on your head. [potion of cure mutation]
   413 | D        | Gained mutation: You are partially covered in slimy green scales. (AC +2) [potion of mutation]
   413 | D        | Gained mutation: You are frail. (-10% HP) [potion of mutation]
   413 | D        | Gained mutation: You evolve. [potion of mutation]
   437 | D        | Noticed a water elemental
   439 | D        | Killed a water elemental
   439 | D        | Reached skill level 5 in Throwing
   439 | D        | Reached skill level 12 in Stealth
   439 | D        | Reached XP level 5. HP: 21/22 MP: 14/14
   443 | D        | Found a radiant altar of Vehumet.
   445 | D        | Found a deep blue altar of Sif Muna.
   445 | D        | Found an ancient bone altar of Kikubaaqudgha.
   460 | D        | Reached skill level 13 in Stealth
   473 | D        | Learned a level 4 spell: Cause Fear
   627 | D        | Found a shadowy altar of Dithmenos.
   627 | D        | Noticed a necrophage
   628 | D        | Found a basalt altar of Yredelemnul.
   628 | D        | Found a sacrificial altar of Ru.
   629 | D        | Killed a necrophage
   629 | D        | Reached XP level 6. HP: 27/27 MP: 14/16
   640 | D        | Found a hide-covered altar of Uskayaw.
   640 | D        | Found an iron altar of Okawaru.
   641 | D        | Found a roughly hewn altar of Beogh.
   641 | D        | Found a bloodstained altar of Trog.
   641 | D        | Noticed a human
   641 | D        | Noticed a human
   643 | D        | Killed a human
   643 | D        | Reached skill level 5 in Short Blades
   643 | D        | Reached skill level 14 in Stealth
   644 | D        | Killed a human
   644 | D        | Reached skill level 5 in Hexes
   644 | D        | Reached XP level 7. HP: 32/32 MP: 16/19
   680 | D        | Noticed a shadow
   682 | D        | Killed a shadow
   682 | D        | Reached skill level 5 in Dodging
   682 | D        | Reached skill level 15 in Stealth
   692 | D        | Found a blossoming altar of Fedhas.
   692 | D        | Found a stormy altar of Qazlal.
   692 | D        | Found a snail-covered altar of Cheibriados.
   692 | D        | Found a burning altar of Makhleb.
   692 | D        | Found a shimmering altar of Xom.
   692 | D        | Noticed a spatial vortex
   693 | D        | Found a hazy altar of Hepliaklqana.
   693 | D        | Found an opulent altar of Gozag.
   693 | D        | Found a sparkling altar of Nemelex Xobeh.
   693 | D        | Found a corrupted altar of Lugonu.
   693 | D        | Found a viscous altar of Jiyva.
   698 | D        | Became a worshipper of Gozag Ym Sagoz the Greedy
   725 | D        | Found a glowing silver altar of Zin.
   726 | D        | Found a glowing golden altar of the Shining One.
   726 | D        | Found a white marble altar of Elyvilon.
   726 | D        | Noticed a deep elf mage
   728 | D        | Killed a deep elf mage
   728 | D        | Reached XP level 8. HP: 37/37 MP: 21/21
   901 | D        | Killed Nessos
   913 | D        | Noticed Erica
   920 | D        | Killed Erica
   920 | D        | Reached skill level 16 in Stealth
   944 | D        | Noticed a centaur warrior
   949 | D        | Reached skill level 1 in Evocations
   964 | D        | Killed a centaur warrior
   964 | D        | Reached skill level 5 in Fighting
   964 | D        | Reached skill level 17 in Stealth
   964 | D        | Reached skill level 10 in Hexes
   964 | D        | Reached XP level 9. HP: 26/42 MP: 15/23
  1333 | D        | Learned a level 6 spell: Deflect Missiles
  1341 | D        | Noticed an unseen horror
  1343 | D        | Killed an unseen horror
  1343 | D        | Reached skill level 10 in Spellcasting
  1381 | D        | Found Famoupli's Jewellery Shoppe.
  2163 | D        | Reached skill level 18 in Stealth
  2369 | D        | Noticed an orc high priest
  2507 | D        | Killed an orc high priest
  2507 | D        | Reached skill level 5 in Evocations
  2507 | D        | Reached XP level 10. HP: 25/47 MP: 25/25
  3340 | D        | Lost mutation: You are frail. (-10% HP) [evolution]
  3385 | D        | Reached skill level 10 in Dodging
  3635 | D        | Bought an uncursed ring of poison resistance for 200 gold pieces
  3635 | D        | Bought an uncursed ring of flight for 175 gold pieces
  3635 | D        | Bought an uncursed ring of resist corrosion for 200 gold pieces
  3635 | D        | Bought an uncursed ring of protection from fire for 250 gold pieces
  3635 | D        | Bought a +5 amulet of reflection for 250 gold pieces
  3647 | D        | Noticed a deep elf mage
  3647 | D        | Noticed a deep elf mage
  3647 | D        | Noticed a deep elf mage
  3647 | D        | Noticed a deep elf mage
  3647 | D        | Noticed a deep elf knight
  4312 | D        | Killed a deep elf mage
  4537 | D        | Noticed Harold
  4537 | D        | Noticed Joseph
  4541 | D        | Killed Harold
  4541 | D        | Reached skill level 19 in Stealth
  4542 | D        | Killed Joseph
  4799 | D        | Killed a deep elf mage
  4801 | D        | Killed from afar by a deep elf knight

Skill      XL: |  1  2  3  4  5  6  7  8  9 10 |
---------------+-------------------------------+-----
Stealth        | 8 9 11 12 13 14 15 17 18 19 | 19.6
Spellcasting   | 3 5 6 7 8 9 10 11 | 11.8
Throwing       | 3 4 5 6 7 8 9 |  9.7
Short Blades   | 3 4 5 6 7 8 9 |  9.5
Fighting       | 2 3 4 5 6 |  6.7
Dodging        | 2 4 6 8 9 11 | 11.1
Hexes          | 2 5 7 10 11 12 | 12.2
Evocations     | 3 5 7 |  7.0

Action                   |  1- 3 |  4- 6 |  7- 9 | 10-12 || total
-------------------------+-------+-------+-------+-------++-------
Melee: Dagger            |     8 |    16 |   143 |   139 ||   306
 Fire: Blowgun           |    12 |       |     9 |       ||    21
 Cast: Cause Fear        |       |       |    13 |    11 ||    24
 Abil: Evoke Flight      |       |       |       |     1 ||     1
  Use: Potion            |       |     5 |     5 |     1 ||    11
 Stab: Sleeping          |     2 |     5 |     6 |     2 ||    15
       Fleeing           |       |       |     2 |     2 ||     4
       Distracted        |       |       |     1 |       ||     1
  Eat: Royal jelly       |       |       |     1 |       ||     1
       Bread ration      |       |       |       |     1 ||     1
Armor: Robe              |       |     2 |     4 |     6 ||    12
Dodge: Dodged            |     5 |     8 |    71 |    48 ||   132
Block: Other             |       |       |       |     1 ||     1
